 Dungeon Crawl Stone Soup version 0.27-a0-951-gae3e1deef5 (webtiles) character file.

Game seed: 8552039152825551732

80 travv0 the Cudgeller (level 4, -4/40 HPs)
             Began as a Minotaur Berserker on Apr 11, 2021.
             Was a Believer of Trog.
             Splashed by a jelly's acid (5 damage)
             ... on level 2 of the Dungeon.
             The game lasted 00:08:24 (1789 turns).

travv0 the Cudgeller (Minotaur Berserker)           Turns: 1789, Time: 00:08:29

Health: -4/40      AC: -5    Str: 22    XL:     4   Next: 18%
Magic:  3/3        EV: 12    Int:  4    God:    Trog [**....]
Gold:   120        SH:  0    Dex: 10    Spells: 3/3 levels left

rFire    . . .     SeeInvis .   f - +0 whip
rCold    . . .     Faith    .   (no shield)
rNeg     . . .     Spirit   .   b - +0 animal skin
rPois    .         Reflect  .   (helmet restricted)
rElec    .         Harm     .   (no cloak)
rCorr    .         Rampage  .   (no gloves)
Will     .....                  (no boots)
Stlth    +.........             (no amulet)
HPRegen  0.13/turn              (no ring)
MPRegen  0.08/turn              (no ring)

@: corroded, on berserk cooldown, slowed, very slow
A: horns 2, retaliatory headbutt
a: Renounce Religion, Berserk, Trog's Hand


You were on level 2 of the Dungeon.
You worshipped Trog.
Trog was pleased with you.
You visited 1 branch of the dungeon, and saw 2 of its levels.

You collected 120 gold pieces.

Inventory:

Hand Weapons
 a - a +0 mace
 f - a +0 whip (weapon)
Armour
 b - a +0 animal skin (worn)
Jewellery
 c - a +4 ring of protection
 n - an amulet of regeneration
Scrolls
 e - a scroll of vulnerability {unknown}
 g - 3 scrolls of teleportation {unknown}
 h - a scroll of silence {unknown}
 i - a scroll of magic mapping {unknown}
 k - a scroll of enchant weapon {unknown}
 m - a scroll of identify {unknown}
Potions
 d - a potion of heal wounds {unknown}
 j - a potion of ambrosia {unknown}
 l - a potion of brilliance {unknown}


   Skills:
 - Level 3.8 Fighting
 + Level 5.9 Maces & Flails
 - Level 2.5 Armour
 - Level 2.2 Dodging


You had 3 spell levels left.
You didn't know any spells.
Your spell library was empty.

Dungeon Overview and Level Annotations

Branches:
Dungeon (2/15)

Altars:


Innate Abilities, Weirdness & Mutations

You have a pair of horns on your head.
You reflexively headbutt those who attack you in melee.


Message History

You headbutt the jelly.
You kill the jelly!
Trog accepts your kill.
You have reached level 4!
You feel agile.
A red film seems to cover your vision as you go berserk!
You feel yourself moving faster!
You feel mighty! The endoplasm closely misses you.
You whack the endoplasm!
You kill the endoplasm!
Trog accepts your kill.
You whack the endoplasm!
You kill the endoplasm!
Trog accepts your kill.
You whack the endoplasm!
You kill the endoplasm!
Trog accepts your kill.
You whack the endoplasm!
You feel the power of Trog in you as your rage grows.
You kill the endoplasm!
Trog accepts your kill.
You feel a strong urge to attack something.
The endoplasm quivers.
The jelly quivers.
The endoplasm quivers. x2
There is an open door here.
You feel your anger nearly subside.
You are no longer berserk.
You are exhausted.
You feel yourself slow down. The jelly hits you.
* * * LOW HITPOINT WARNING * * *
The acid corrodes you!
You are splashed with acid!
* * * LOW HITPOINT WARNING * * *
There are monsters nearby!
You hit the jelly. The acid corrodes you!
Your hands burn!
* * * LOW HITPOINT WARNING * * *
The jelly is moderately wounded.
The jelly hits you.
* * * LOW HITPOINT WARNING * * *
You are splashed with acid.
You die...

#.#
###########.....#.#
..#
$PJP..÷.÷##.....#.#
..#######
.P...P...##.###.#.#
...<....#
÷P..J..P÷##.# #.#.#
..#######
.P.P...P.##.# #.#.#
..# .÷J....P.##.#
#.#.# ..#
..J÷...J.##.# #.#.#
..#### #######J#
#.###.#.# #....#
##..)..@##
#.#...#.# #....#
#.########
#.#.###.# .....##
##..'....#
#.......# ......#
####....# ###.#####
###.>.# #.......#
#.# ......#
#.......# #.#
#.....# #.......#
#.# ......#
#.......# #.#
#...### ##.....##
#.#


You could see a jelly and an endoplasm.

Vanquished Creatures
  A jelly (D:2)
  A dart slug (D:2)
  2 ball pythons
  4 bats
  7 endoplasms
  A giant cockroach (D:1)
  A goblin (D:1)
  3 hobgoblins
  2 jackals (D:1)
  9 kobolds
  2 quokkas
  10 frilled lizards (D:2)
43 creatures vanquished.

Vanquished Creatures (others)
  2 fungi (D:2)
  3 plants (D:2)
  4 toadstools (D:2)
9 creatures vanquished.

Grand Total: 52 creatures vanquished

Notes
Turn   | Place    | Note
-------+----------+-------------------------------------------
     0 | D:1      | travv0 the Minotaur Berserker began the quest for the Orb.
     0 | D:1      | Reached XP level 1. HP: 19/19 MP: 0/0
   141 | D:1      | Found a faded altar of an unknown god.
   311 | D:1      | Reached skill level 4 in Maces & Flails
   470 | D:1      | Reached XP level 2. HP: 24/27 MP: 1/1
  1252 | D:2      | Reached XP level 3. HP: 33/33 MP: 2/2
  1448 | D:2      | Reached skill level 5 in Maces & Flails
  1508 | D:2      | Reached ** piety under Trog
  1776 | D:2      | Reached XP level 4. HP: 10/40 MP: 3/3
  1789 | D:2      | HP: 2/40 [acid (1)]
  1789 | D:2      | Splashed by a jelly's acid

Illustrated notes

Levels and vault maps discovered:
D:1:      dpeg_arrival_three_smaller_balls, layout_basic,
          shapermc_ecumenical_altar_venn
D:2:      cheibrodos_fertilizer, layout_basic, hangedman_decor_lopped,
          minmay_hedge_maze, minmay_lizard_king

Skill      XL: |  1  2  3 |
---------------+----------+-----
Maces & Flails | 4 5 |  5.9
Fighting       | |  3.8
Armour         | |  2.5
Dodging        | |  2.2

Action                   |  1- 3 |  4- 6 || total
-------------------------+-------+-------++-------
Melee: Whip              |    88 |     5 ||    93
       Mace              |     7 |       ||     7
       Headbutt          |    11 |       ||    11
Invok: Berserk           |       |     1 ||     1
Armor: Animal skin       |    20 |       ||    20
Dodge: Dodged            |    53 |     1 ||    54

Table legend: (Time is in decaauts)
 A = Elapsed time spent in this place.
 B = Non-inter-level travel time spent in this place.
 C = Inter-level travel time spent in this place.
 D = Time resting spent in this place.
 E = Time spent auto-exploring this place.
 F = Levels seen in this place.
 G = Mean time per level.
                   A        B        C        D        E       F      G
               +--------+--------+--------+--------+--------+-----+--------+
         Total |   1774 |   1710 |     64 |      0 |   1458 |   2 |  887.0 |
       Dungeon |   1774 |   1710 |     64 |      0 |   1458 |   2 |  887.0 |
               +--------+--------+--------+--------+--------+-----+--------+

Top non-repeatable levels by time:
     D:1: 1043 daAuts
     D:2: 731 daAuts
